 Dungeon Crawl Stone Soup version 0.21.0 (webtiles) character file.

170 quantumfuzzball the Sneak (level 5, -5/24 HPs)
             Began as a Spriggan Enchanter on Jan 8, 2018.
             Killed by divine providence
             ... invoked by an orc priest
              (12 damage)
             ... on level 4 of the Dungeon.
             The game lasted 00:08:04 (3830 turns).

quantumfuzzball the Sneak (Spriggan Enchanter)      Turns: 3830, Time: 00:08:04

Health: -5/24      AC:  3    Str:  4    XL:     5   Next: 25%
Magic:  1/10       EV: 20    Int: 17    God:
Gold:   241        SH:  0    Dex: 17    Spells: 3/9 levels left

rFire    . . .     SeeInvis +   n - +1 dagger (venom)
rCold    . . .     Gourm    .   (shield restricted)
rNeg     . . .     Faith    .   b - +0 robe
rPois    .         Spirit   .   (helmet restricted)
rElec    .         Reflect  .   m - +0 cloak
rCorr    .         Harm     .   (gloves unavailable)
MR       .....                  (boots unavailable)
Stlth    ++++......             (no amulet)
HPRegen  0.08/turn              (no ring)
MPRegen  0.12/turn              (no ring)

@: very slightly contaminated, very quick
A: very small, unfitting armour, see invisible, herbivore, speed 3, slow
metabolism 2
a: no special abilities


You were on level 4 of the Dungeon.
You were not hungry.

You visited 1 branch of the dungeon, and saw 4 of its levels.

You collected 241 gold pieces.

Inventory:

Hand Weapons
 n - a +1 dagger of venom (weapon)
Armour
 b - a +0 robe (worn)
 m - a +0 cloak (worn)
Wands
 l - a wand of iceblast (7)
Scrolls
 a - 2 scrolls of teleportation {unknown}
 e - 3 scrolls of identify {unknown}
 j - a scroll of random uselessness {unknown}
 o - 2 scrolls of remove curse {unknown}
Potions
 f - a potion of heal wounds {unknown}
 g - a potion of cancellation {unknown}
 h - a potion of agility {unknown}
 i - 3 potions of curing {unknown}
 k - 2 potions of degeneration {unknown}
Books
 c - a book of Maledictions

   Spells                             Type                      Level
   a - Corona                         Hexes                        1
   b - Ensorcelled Hibernation        Hexes/Ice                    2
   c - Confuse                        Hexes                        3
   d - Tukima's Dance                 Hexes                        3
   e - Dazzling Spray                 Conjuration/Hexes            3


   Skills:
 - Level 1.3 Short Blades
 + Level 4.4 Dodging
 * Level 6.6 Stealth
 - Level 2.9 Spellcasting
 * Level 5.2 Hexes


You had 3 spell levels left.
You knew the following spells:

 Your Spells              Type           Power        Failure   Level  Hunger
a - Corona                Hex            ###....      1%          1    #......
b - Ensorcelled Hibernat  Hex/Ice        ##....       9%          2    ##.....
c - Confuse               Hex            ###.....     6%          3    ###....


Dungeon Overview and Level Annotations

Branches:
Dungeon (4/15)
 Temple: D:4-7

Altars:
Trog

Annotations:
D:4 face's ghost, amateur TrBe


Innate Abilities, Weirdness & Mutations

You are very small and have problems with some larger weapons.
You are too small for most types of armour.
You have supernaturally acute eyesight. (SInv)
You are a herbivore.
You cover ground extremely quickly.
You need consume almost no food.


Message History

The orc priest closely misses you.
Casting: Ensorcelled Hibernation
Confirm with . or Enter, or press ? or * to list all spells.
Aiming: Ensorcelled Hibernation
Press: ? - help, Shift-Dir - straight line, f/p - orc priest
Aim: an orc priest (chance to defeat MR: 42%)
The orc priest resists with some effort.
The orc priest barely misses you.
You hit the orc priest but do no damage.
The orc priest is poisoned.
The orc priest closely misses you.
The orc priest casts a cantrip, but nothing happens.
The orc priest looks braver for a moment.
The orc priest invokes the aid of Beogh against you.
Beogh smites you!
Ouch! That really hurt!
* * * LOW HITPOINT WARNING * * *
The orc priest calls down the wrath of Beogh upon you.
Beogh smites you!
Ouch! That really hurt!
You die...

#..... #o#.## #o#.#
# ### #.#.# #.#..
#.#.# #.#.## #.#.#
.... #.#.#
#.##############.#.#
#...@......oo....#
#<################
#.# #.# #.# #.# ###


You could see an orc priest.

Vanquished Creatures
  An orc priest (D:4)
  An orc wizard (D:4)
  A worker ant (D:4)
  2 adders
  An adder skeleton (D:4)
  A worm (D:2)
  A dart slug (D:1)
  5 orcs
  3 giant cockroaches
  6 goblins
  5 hobgoblins
  7 jackals
  3 quokkas
  3 bats (D:2)
  7 frilled lizards
  8 kobolds
  7 rats
62 creatures vanquished.

Notes
Turn   | Place    | Note
-------+----------+-------------------------------------------
     0 | D:1      | quantumfuzzball the Spriggan Enchanter began the quest for the Orb.
     0 | D:1      | Reached XP level 1. HP: 9/9 MP: 5/5
   293 | D:1      | Reached XP level 2. HP: 9/13 MP: 4/6
   481 | D:1      | Learned a level 2 spell: Ensorcelled Hibernation
  1456 | D:2      | Reached skill level 5 in Stealth
  1456 | D:2      | Reached XP level 3. HP: 16/16 MP: 2/8
  1457 | D:2      | Found a bloodstained altar of Trog.
  1513 | D:2      | Learned a level 3 spell: Confuse
  2604 | D:3      | Reached XP level 4. HP: 20/21 MP: 1/9
  3338 | D:4      | Reached skill level 6 in Stealth
  3415 | D:4      | Noticed face's ghost (amateur TrBe)
  3580 | D:4      | Reached skill level 5 in Hexes
  3580 | D:4      | Reached XP level 5. HP: 10/24 MP: 3/10
  3830 | D:4      | Killed from afar by an orc priest

Skill      XL: |  1  2  3  4 |
---------------+-------------+-----
Hexes          | 4 5 |  5.2
Stealth        | 5 6 |  6.6
Dodging        | 4 |  4.4
Short Blades   | |  1.3
Spellcasting   | |  2.9

Action                   |  1- 3 |  4- 6 || total
-------------------------+-------+-------++-------
Melee: Dagger            |   111 |    26 ||   137
 Cast: Corona            |     7 |     3 ||    10
       Ensorcelled Hiber |    36 |    18 ||    54
       Confuse           |       |     4 ||     4
  Use: Scroll            |     2 |       ||     2
 Stab: Sleeping          |    33 |    14 ||    47
       Confused          |       |     1 ||     1
  Eat: Ration            |       |     2 ||     2
Armor: Robe              |     7 |     4 ||    11
Dodge: Dodged            |   101 |    19 ||   120
